 Dungeon Sprint DCSS version 0.30-a0-778-g2ef04afb54 (webtiles) character file.

Game seed: 17611304232586137008

2074 rocky1 the Unseen (level 9, -6/63 HPs)
             Began as a Kobold Brigand on Feb 16, 2023.
             Was an Initiate of Gozag.
             Mangled by a boulder beetle (19 damage)
             ... in the Dungeon (Sprint IX: "|||||||||||||||||||||||||||||").
             The game lasted 00:02:22 (409 turns).

rocky1 the Unseen (Kobold Brigand)                   Turns: 409, Time: 00:02:23

Health: -6/63      AC:  3    Str: 11    XL:     9   Next: 51%
Magic:  9/9        EV: 25    Int: 12    God:    Gozag
Gold:   450        SH:  0    Dex: 24    Spells: 8/8 levels left

rFire   . . .      SeeInvis .    o - +2 rapier (venom)
rCold   . . .      Faith    .    (no shield)
rNeg    . . .      Spirit   .    b - +0 robe
rPois   .          Reflect  .    (no helmet)
rElec   .          Harm     .    c - +0 cloak
rCorr   .          Rampage  .    (no gloves)
Will    .....      NoTele   +    (no boots)
Stlth   ++++++++                 (no amulet)
HPRegen 0.30/turn                r - +3 ring of strength
MPRegen 0.11/turn                s - +3 ring of dexterity

@: gold aura
A: small, no large weapons, nightstalker 3
a: Renounce Religion, Potion Petition, Call Merchant, Bribe Branch


You were in the Dungeon.
You worshipped Gozag.
Gozag was aware of your devotion.
You visited 1 branch You collected 450 gold pieces.

Inventory:

Hand Weapons
 a - a +2 dagger
 o - a +2 rapier of venom (weapon)
 p - a +2 scimitar of protection
Missiles
 d - 9 poisoned darts (quivered)
 e - 3 curare-tipped darts
Armour
 b - a +0 robe (worn)
 c - a +0 cloak (worn)
 q - a +2 ring mail
Jewellery
 r - a +3 ring of strength (left hand)
 s - a +3 ring of dexterity (right hand)
Wands
 n - a wand of roots (10)
Scrolls
 k - a scroll of blinking
 m - 2 scrolls of amnesia
Potions
 f - 4 potions of curing
 h - a potion of haste
 i - 4 potions of magic
 j - a potion of berserk rage
 l - a potion of invisibility


   Skills:
 + Level 10.3 Fighting
 + Level 12.2 Short Blades
 - Level 2.1 Throwing
 + Level 11.1 Dodging
 * Level 18.5 Stealth


You had 8 spell levels left.
You didn't know any spells.
Your spell library was empty.

Dungeon Overview and Level Annotations

Branches:
Dungeon (1/1)

Altars:
Cheibriados
Dithmenos
Elyvilon
Fedhas
Gozag
Hepliaklqana
Kikubaaqudgha
Makhleb
Nemelex Xobeh
Okawaru
Qazlal
Ru
Sif Muna
Trog
Uskayaw
Vehumet
Wu Jian
Xom
Yredelemnul
Zin
The Shining One
Jiyva
Lugonu


Innate Abilities, Weirdness & Mutations

You are small and have problems with some larger weapons.
You are completely attuned to the shadows.


Message History

The manticore misses you.
Blink to where?
Press: ? - help, Dir - move target
As you read the scroll of blinking, it crumbles to dust.
The manticore barely misses you. The manticore completely misses you.
The manticore claws you but does no damage.
You feel much better. The manticore barely misses you.
The manticore claws you but does no damage.
The manticore claws you.
You hit the manticore.
The manticore is poisoned.
The manticore is moderately wounded.
You puncture the manticore!
The manticore looks as sick as possible!
The manticore is heavily wounded.
The manticore bites you!!
* * * LOW HITPOINT WARNING * * *
The manticore misses you. x2
You hit the manticore but do no damage.
The manticore looks as sick as possible!
The manticore is heavily wounded.
You feel better. The manticore closely misses you. The manticore misses you. x2
You closely miss the manticore.
The manticore is heavily wounded.
The manticore is distracted by your dazzling golden aura.
You catch the helpless manticore completely off-guard!
You stick the manticore like a pincushion!!!
You kill the manticore!
Your Short Blades skill increases to level 12!
Your Dodging skill increases to level 11!
Your Stealth skill increases to level 18!
Unknown command.
You hit the boulder beetle but do no damage.
The boulder beetle looks as sick as possible!
The boulder beetle is severely wounded.
You hit the boulder beetle but do no damage.
The boulder beetle looks as sick as possible!
The boulder beetle is almost dead.
The boulder beetle bites you!!
You die...
Your body crumbles into a pile of gold.

▓+▓
▓.▓
▓.▓
▓@▓
▓B▓
▓$▓
▓$▓
▓'▓
▓.▓
$
▓.▓
$
▓.▓
$ $
▓)▓
$


You could see a boulder beetle (extremely poisoned).

Vanquished Creatures
  A boulder beetle (D)
  A manticore (D)
  A komodo dragon (D)
  A wyvern (D)
  A basilisk (D)
  A vampire mosquito (D)
  An ice beast (shapeshifter) (D)
  A centaur (D)
  A killer bee (D)
  A howler monkey (D)
  A hound (D)
  An iguana (D)
  An orc wizard (D)
  An adder (D)
  A dart slug (D)
  A hobgoblin (D)
  A kobold (D)
  A quokka (D)
  2 rats (D)
20 creatures vanquished.

Vanquished Creatures (others)
  A shadow (D)
1 creature vanquished.

Grand Total: 21 creatures vanquished

Notes
Turn   | Place    | Note
-------+----------+-------------------------------------------
     0 | D        | rocky1 the Kobold Brigand began the quest for the Orb.
     0 | D        | Reached XP level 1. HP: 12/12 MP: 1/1
    12 | D        | Reached skill level 6 in Stealth
    17 | D        | Reached XP level 2. HP: 15/18 MP: 2/2
    34 | D        | Noticed a howler monkey
    44 | D        | Killed a howler monkey
    45 | D        | Reached skill level 8 in Stealth
    45 | D        | Reached XP level 3. HP: 24/24 MP: 3/3
    46 | D        | Reached skill level 5 in Short Blades
    46 | D        | Reached XP level 4. HP: 29/29 MP: 4/4
    66 | D        | Reached skill level 9 in Stealth
    80 | D        | Reached skill level 5 in Fighting
    80 | D        | Reached skill level 5 in Dodging
    80 | D        | Reached skill level 10 in Stealth
    80 | D        | Reached XP level 5. HP: 23/35 MP: 5/5
   127 | D        | Found a snail-covered altar of Cheibriados.
   127 | D        | Found a shadowy altar of Dithmenos.
   128 | D        | Found a white marble altar of Elyvilon.
   129 | D        | Found a blossoming altar of Fedhas.
   130 | D        | Found an opulent altar of Gozag.
   131 | D        | Found a hazy altar of Hepliaklqana.
   132 | D        | Found a viscous altar of Jiyva.
   133 | D        | Found an ancient bone altar of Kikubaaqudgha.
   134 | D        | Found a corrupted altar of Lugonu.
   135 | D        | Became a worshipper of Gozag Ym Sagoz the Greedy
   136 | D        | Found a burning altar of Makhleb.
   137 | D        | Found a sparkling altar of Nemelex Xobeh.
   138 | D        | Found an iron altar of Okawaru.
   139 | D        | Found a stormy altar of Qazlal.
   140 | D        | Found a sacrificial altar of Ru.
   141 | D        | Found a shimmering blue altar of Sif Muna.
   142 | D        | Found a bloodstained altar of Trog.
   143 | D        | Found a hide-covered altar of Uskayaw.
   144 | D        | Found a radiant altar of Vehumet.
   145 | D        | Found an ornate altar of the Wu Jian Council.
   146 | D        | Found a shimmering altar of Xom.
   147 | D        | Found a basalt altar of Yredelemnul.
   148 | D        | Found a glowing silver altar of Zin.
   149 | D        | Found a glowing golden altar of the Shining One.
   275 | D        | Noticed a wyvern
   276 | D        | Noticed a shadow
   277 | D        | Killed a wyvern
   278 | D        | Reached skill level 12 in Stealth
   278 | D        | Reached XP level 6. HP: 42/42 MP: 6/6
   284 | D        | Noticed a vampire mosquito
   295 | D        | Killed a shadow
   296 | D        | Reached skill level 13 in Stealth
   296 | D        | Reached XP level 7. HP: 16/48 MP: 7/7
   302 | D        | Reached skill level 14 in Stealth
   306 | D        | Killed a vampire mosquito
   307 | D        | Reached skill level 15 in Stealth
   365 | D        | Noticed a boulder beetle
   365 | D        | Noticed a boulder beetle
   366 | D        | Noticed a basilisk
   368 | D        | Reached skill level 10 in Short Blades
   368 | D        | Reached XP level 8. HP: 55/55 MP: 8/8
   369 | D        | Noticed a komodo dragon
   375 | D        | Killed a boulder beetle
   376 | D        | Reached skill level 10 in Dodging
   376 | D        | Reached skill level 17 in Stealth
   376 | D        | Noticed a manticore
   380 | D        | Killed a komodo dragon
   381 | D        | Reached XP level 9. HP: 51/62 MP: 9/9
   395 | D        | Reached skill level 10 in Fighting
   407 | D        | Killed a manticore
   408 | D        | Reached skill level 18 in Stealth
   409 | D        | Mangled by a boulder beetle

Illustrated notes

Levels and vault maps discovered:
D:        linesprint [early_d, line_temple, items_1, d_10, items_2, lair_1,
          lair_end, items_3, orc_1, orc_end, items_4, d_15, swamp_1, shoals_1,
          snake_1, spider_1, d_20, vaults_1, items_5, swamp_end, shoals_end,
          snake_end, spider_end, vaults_end, d_27, items_6, zot_1, zot_end,
          crypt_end, forest_end, elf_end, slime_end, tomb_end, abyss_end,
          pan_hell_end]

Skill      XL: |  1  2  3  4  5  6  7  8  9 |
---------------+----------------------------+-----
Short Blades   | 3 4 5 6 7 8 10 11 12 | 12.2
Dodging        | 2 3 5 6 7 8 10 11 | 11.1
Stealth        | 6 8 10 12 13 15 17 18 | 18.5
Fighting       | 3 4 5 6 7 8 9 10 | 10.3
Throwing       | |  2.1

Action                     |  1- 3 |  4- 6 |  7- 9 || total
---------------------------+-------+-------+-------++-------
  Melee: Dagger            |    18 |    28 |       ||    46
         Rapier            |       |    18 |    46 ||    64
  Throw: Dart              |     2 |     6 |       ||     8
    Use: Potion            |       |       |     4 ||     4
         Scroll            |       |       |     1 ||     1
   Stab: Sleeping          |     1 |     1 |     1 ||     3
         Distracted        |       |       |     3 ||     3
 Armour: Robe              |       |       |     7 ||     7
  Dodge: Dodged            |    10 |    37 |    40 ||    87

Table legend: (Time is in decaauts)
 A = Elapsed time spent in this place.
 B = Non-inter-level travel time spent in this place.
 C = Inter-level travel time spent in this place.
 D = Time resting spent in this place.
 E = Time spent auto-exploring this place.
 F = Levels seen in this place.
 G = Mean time per level.
                   A        B        C        D        E       F      G
               +--------+--------+--------+--------+--------+-----+--------+
         Total |    376 |    376 |      0 |    190 |      0 |   1 |  376.0 |
       Dungeon |    376 |    376 |      0 |    190 |      0 |   1 |  376.0 |
               +--------+--------+--------+--------+--------+-----+--------+

Top non-repeatable levels by time:
       D: 376 daAuts
